 Dungeon Crawl Stone Soup version 0.30-a0-457-g4b7bca3bfa (webtiles) character file.

Game seed: 9644379588834443363

61526 PyroL the Lord of Darkness (level 14, -3/110 HPs)
             Began as a Demonspawn Necromancer on Dec 12, 2022.
             Was the Champion of Kikubaaqudgha.
             Killed by mirror damage (6 damage)
             ... on level 13 of the Dungeon on Dec 13, 2022.
             The game lasted 01:08:24 (23357 turns).

PyroL the Lord of Darkness (DsNe)                  Turns: 23357, Time: 01:08:25

Health: -3/110     AC: 12    Str: 16    XL:     14   Next: 60%
Magic:  29/29      EV: 21    Int: 20    God:    Kikubaaqudgha [******]
Gold:   1684       SH:  0    Dex: 13    Spells: 1/35 levels left

rFire   . . .      SeeInvis .    u - +4 whip of Neurosis {speed, Contam rPois rC+++ Int-5 Stlth+}
rCold   + + +      Faith    +    (no shield)
rNeg    . . .      Spirit   .    C - +1 steam dragon scales
rPois   +          Reflect  .    m - +2 helmet
rElec   +          Harm     .    (no cloak)
rCorr   .          Rampage  .    j - +2 pair of gloves
Will    +....                    (no boots)
Stlth   +++.......               y - amulet "Rahatiaxt" {Faith rElec Regen+}
HPRegen 1.18/turn                l - +4 ring of slaying
MPRegen 0.21/turn                N - +6 ring of strength

@: mighty, agile
A: powered by pain 2, big brain 2, demonic magic 1, weakness stinger 2
a: Renounce Religion, Unearth Wretches, Torment, Brand Weapon With Pain, Receive
Forbidden Knowledge


You were on level 13 of the Dungeon.
You worshipped Kikubaaqudgha.
Kikubaaqudgha was exalted by your worship.
You visited 3 branches of the dungeon, and saw 19 of its levels.
You also visited: Bailey.

You collected 1684 gold pieces.

Inventory:

Hand Weapons
 u - the +4 whip of Neurosis (weapon) {speed, Contam rPois rC+++ Int-5 Stlth+}
   (You found it on level 4 of the Dungeon)

   Attacks with this weapon are significantly faster.
   Int:       It affects your intelligence (-5).
   rC:        It renders you almost immune to cold.
   rPois:     It protects you from poison.
   Contam:    It causes magical contamination when unequipped.
   Stlth:     It makes you more stealthy.
 O - the +8 whip "Snakebite" {venom, curare, rPois}
   (You found it on level 2 of the Lair of Beasts)

   It poisons the flesh of those it strikes.
   It occasionally inflicts asphyxiating poison on those it strikes, dealing
   poison damage and causing slowness.
   rPois:     It protects you from poison.
 S - the +9 quarterstaff of the Wasp {vorpal, Str+7 Dex-3}
   (You found it on level 1 of the Lair of Beasts)

   It inflicts extra damage upon your enemies.
   Str:       It affects your strength (+7).
   Dex:       It affects your dexterity (-3).
Missiles
 a - 2 datura-tipped darts
 k - 38 poisoned darts
 t - 5 atropa-tipped darts
Armour
 j - a +2 pair of gloves (worn)
 m - a +2 helmet (worn)
 C - +1 steam dragon scales (worn)
Jewellery
 l - a +4 ring of slaying (left hand)
 y - the amulet "Rahatiaxt" (around neck) {Faith rElec Regen+}
   (You found it on level 5 of the Dungeon)

   [amulet of faith]

   It allows you to gain divine favour quickly.
   rElec:     It insulates you from electricity.
   Regen:     It increases your rate of health regeneration.
 N - a +6 ring of strength (right hand)
 R - a +6 ring of intelligence
 U - a ring of protection from fire
 W - a ring of positive energy
 Y - a +6 ring of strength
Wands
 o - a wand of flame (68)
 E - a wand of mindburst (27)
 V - a wand of iceblast (5)
 X - a wand of polymorph (5)
Scrolls
 e - 2 scrolls of identify
 f - a scroll of poison
 h - 6 scrolls of immolation
 i - 2 scrolls of blinking {unknown}
 n - a scroll of silence
 v - 4 scrolls of summoning
 w - 3 scrolls of fog
 z - 7 scrolls of teleportation
 A - a scroll of torment
 B - a scroll of vulnerability
 D - a scroll of magic mapping
 I - 2 scrolls of enchant armour
 J - 4 scrolls of enchant weapon
 K - a scroll of fear
 Q - 3 scrolls of brand weapon {unknown}
Potions
 b - 2 potions of magic
 d - a potion of resistance
 g - 8 potions of heal wounds
 p - 5 potions of flight
 q - 2 potions of lignification
 r - 2 potions of berserk rage
 s - 3 potions of attraction
 x - 4 potions of mutation
 F - a potion of haste
 G - a potion of might {unknown}
 H - 4 potions of cancellation
 M - 2 potions of brilliance
 P - 3 potions of curing
 T - 2 potions of invisibility {unknown}
Miscellaneous
 c - a condenser vane
 L - a phial of floods


   Skills:
 - Level 10.0 Fighting
 - Level 10.0 Dodging
 - Level 1.7 Stealth
 - Level 11.2 Spellcasting
 + Level 15.4 Necromancy
 - Level 10.8 Ice Magic
 - Level 5.0 Evocations


You had one spell level left.
You knew the following spells:

 Your Spells              Type           Power      Damage    Failure   Level
a - Necrotise             Necr           100%       1d9       0%          1
b - Vampiric Draining     Necr           64%        2d10      1%          3
c - Animate Dead          Necr           64%        N/A       1%          4
d - Kiss of Death         Conj/Necr      100%       2d13      1%          1
e - Dispel Undead         Necr           64%        3d22      1%          4
f - Anguish               Hex/Necr       21%        N/A       2%          4
g - Death Channel         Necr           32%        N/A       1%          6
h - Borgnjor's Vile Clut  Necr/Erth      21%        N/A       7%          5
i - Simulacrum            Ice/Necr       29%        N/A       4%          6

Your spell library contained the following spells:

 Spells                   Type           Power      Damage    Failure   Level
 Sublimation of Blood     Necr           64%        N/A       0%          2
 Cigotuvi's Dreadful Rot  Necr/Pois/Air  62%        N/A       1%          2
 Frozen Ramparts          Ice            100%       1d16      1%          3
 Agony                    Necr           64%        N/A       1%          5
 Ice Form                 Ice/Tmut       32%        N/A       7%          4
 Summon Ice Beast         Ice/Summ       32%        N/A       7%          4
 Poisonous Vapours        Pois/Air       22%        N/A       10%         2
 Mephitic Cloud           Conj/Pois/Air  11%        N/A       19%         3
 Freezing Cloud           Conj/Ice/Air   12%        6-21      36%         5
 Olgreb's Toxic Radiance  Pois           11%        N/A       52%         4
 Ozocubu's Refrigeration  Ice            26%        4d13      52%         7
 Enfeeble                 Hex            5%         N/A       100%        7
 Ignition                 Fire           5%         3d4       100%        8
 Polar Vortex             Ice            26%        N/A       100%        9


Dungeon Overview and Level Annotations

Branches:
Dungeon (13/15)            Temple (1/1) D:6            Lair (5/5) D:10
 Shoals (0/4) Lair:3        Snake (0/4) Lair:2        Slime (0/5) Lair:5
    Orc (0/2) D:11         Bailey (visited)
 Vaults: D:13-14

Altars:
Ashenzari
Cheibriados
Dithmenos
Fedhas
Gozag
Hepliaklqana
Kikubaaqudgha
Makhleb
Nemelex Xobeh
Okawaru
Qazlal
Ru
Sif Muna
Trog
Uskayaw
Vehumet
Wu Jian
Xom
Yredelemnul
Jiyva

Shops:
D:5 *   D:11 (

Annotations:
D:13 2 transporters


Innate Abilities, Weirdness & Mutations

You sometimes gain power by taking damage.
You have an extremely huge brain. (Int +4)
Spells you cast may paralyse adjacent enemies.
You have a tail ending in a sharp stinger.


Message History

Press: ? - help, Dir - look around, f - activate The death knight resists with almost no effort.
Malevolent energies surge around you.
The zombie hands constrict the death knight.
The death knight reflects your damage back at you!
The death knight invokes the aid of Yredelemnul against you.
Your body is wracked with pain!
* * * LOW HITPOINT WARNING * * *
You focus on the pain.
You feel very mighty all of a sudden.
The zombie hands constrict the death knight.
The death knight reflects your damage back at you!
* * * LOW HITPOINT WARNING * * *
The death knight barely misses you.
The zombie hands constrict the death knight.
The death knight reflects your damage back at you!
* * * LOW HITPOINT WARNING * * *
The death knight hits you with a +3 halberd!!
* * * LOW HITPOINT WARNING * * *
You focus on the pain.
You feel agile all of a sudden.
Casting: Anguish (mildly dangerous; 2% risk of failure)
Confirm with . or Enter, or press ? or * to list all spells.
Aiming: Vampiric Draining (safe; 1% risk of failure)
Press: ? - help, Shift-Dir - straight line, f - death knight
Aim: a death knight, wielding a +3 halberd and wearing a +0 chain mail (lightly wounded, reflecting injuries, constricted by zombie hands)
Okay, then.
Unknown command.
Unknown command.
The zombie hands constrict the death knight!
The death knight reflects your damage back at you!
* * * LOW HITPOINT WARNING * * *
The death knight hits you from afar with a +3 halberd!!
* * * LOW HITPOINT WARNING * * *
You focus on the pain.
You feel your power returning.
Unknown command.
The zombie hands constrict the death knight!
The death knight reflects your damage back at you!
You die...
Kikubaaqudgha rasps: "You have failed me!
Welcome... death!"

#................# #####
#..)†............# #...
#................# #...
#..<†............# #...
#................# #..#
################.# #..#
## #############.#
#..###
..8#8...8#8......#
#.....
...#.....#......@#####.#
#..###
..©#©.<.©#©............#
#..# #
...#.....#.......####..#
#..# ..8#8...8#8.....p#
#..# ## #############.#
#..# ###.# #. #..# #...#
#..#####..# #>..#
#.........### #.:.#
#............


You could see a death knight (reflects damage, clutched).

Vanquished Creatures
  Gastronok (D:9)
  Snorg (D:13)
  3 hydras
  A catoblepas (Lair:5)
  5 two-headed ogres
  2 centaur warriors
  Sonja (D:13)
  Amaemon (Lair:1)
  The ghost of DeathPants the Destroyer, a novice DrCj of Vehumet (D:9)
  A goliath frog (Lair:5)
  Lodul (D:11)
  A cyclops (D:12)
  8 black mambas
  3 elephants
  11 cane toads
  An orange demon (Lair:1)
  3 rime drakes
  A gargoyle (D:13)
  2 kobold demonologists (D:12)
  3 freezing wraiths (D:13)
  8 komodo dragons
  4 trolls
  A hornet (D:8)
  4 blink frogs
  A tyrant leech (Lair:4)
  A polar bear (Lair:2)
  7 dream sheep (Lair:4)
  Prince Ribbit (D:6)
  8 slime creatures
  A shadow (D:11)
  A vampire (D:12)
  A culicivora (shapeshifter) (D:13)
  A wraith (D:12)
  17 yaks
  A wyvern (Lair:5)
  2 spriggans (Bailey)
  A golden eye (shapeshifter) (D:12)
  4 steam dragons (D:9)
  A hog (Lair:4)
  9 vampire mosquitoes
  A basilisk (Lair:5)
  Menkaure (D:6)
  3 acid dragons
  13 water moccasins
  Duvessa (D:4)
  2 orc warriors
  5 black bears
  7 wolves
  3 centaurs
  12 ogres
  The ghost of gelatine the Stinger, an amateur DsVM (D:3)
  2 kobold brigands
  9 bullfrogs
  A gnoll sergeant (D:6)
  4 necrophages
  6 scorpions
  3 wights (D:8)
  Dowan (D:4)
  2 vampire bats (D:3)
  6 howler monkeys
  4 electric eels
  3 hounds
  A jelly (D:5)
  4 orc priests
  3 iguanas
  Ijyb (D:2)
  Natasha (twice) (D:3)
  2 orc wizards
  A hell rat (Lair:4)
  5 gnolls (D:6)
  11 adders
  A shadow imp (D:6)
  A white imp (D:7)
  2 worms
  2 dart slugs (D:2)
  2 adder simulacra (D:3)
  10 orcs
  2 bat skeletons (D:3)
  3 bat zombies (D:3)
  11 endoplasms
  6 giant cockroaches (D:3)
  15 goblins
  5 hobgoblins
  17 kobolds
  5 quokkas
  5 ball pythons
  A ball python simulacrum (D:3)
  3 bats
  3 frilled lizards
  A quokka simulacrum (D:3)
  6 rats
346 creatures vanquished.

Vanquished Creatures (collateral kills)
  Kirke (Lair:4)
  Fannar (Lair:3)
  A two-headed ogre (Bailey)
  2 slime creatures (D:12)
  2 black mambas
  6 elephants
  A merfolk siren (Lair:3)
  12 cane toads
  A rime drake (Lair:3)
  3 komodo dragons
  A tyrant leech (Lair:5)
  2 trolls (D:12)
  5 dream sheep (Lair:4)
  17 blink frogs
  2 hogs (Lair:4)
  9 yaks
  A basilisk (Lair:4)
  4 vampire mosquitoes
  6 water moccasins
  An orc warrior (D:11)
  A black bear (Lair:4)
  3 ogres
  2 wolves
  5 bullfrogs (Lair:5)
  A necrophage (Lair:4)
  A wight (D:8)
  A howler monkey (D:8)
  An orc priest (D:11)
  An iron imp (D:8)
  2 orc wizards
  7 hell rats (Lair:4)
  2 kobolds
  3 butterflies (Lair:4)
108 creatures vanquished.

Vanquished Creatures (others)
  A vault guard (D:13)
  A two-headed ogre (D:10)
  A gargoyle (D:10)
  A komodo dragon (Lair:2)
  2 tyrant leeches (Lair:5)
  A blink frog (Lair:5)
  A black mamba zombie (Lair:2)
  A tyrant leech zombie (Lair:5)
  A yak (Lair:4)
  A hog (Lair:4)
  A vampire mosquito (Lair:5)
  A two-headed ogre zombie (D:12)
  3 cane toad zombies (Lair:5)
  6 dream sheep zombies (Lair:4)
  2 blink frog zombies (Lair:5)
  4 hog zombies (Lair:4)
  2 vampire mosquito zombies (Lair:5)
  A bullfrog (Lair:5)
  2 water moccasin zombies (Lair:2)
  A troll zombie (D:12)
  2 yak zombies (Lair:5)
  4 wolf zombies
  5 bullfrog zombies
  A basilisk zombie (Lair:4)
  4 hell rats (Lair:4)
  4 ogre zombies
  11 hell rat zombies (Lair:4)
  An elf zombie (D:4)
  3 orc zombies
  An orc (D:11)
  A gnoll zombie (D:6)
  4 kobold zombies (D:8)
  54 fungi
  131 plants
260 creatures vanquished.

Grand Total: 714 creatures vanquished

Notes
Turn   | Place    | Note
-------+----------+-------------------------------------------
     0 | D:1      | PyroL the Demonspawn Necromancer began the quest for the
                  | Orb.
     0 | D:1      | Reached XP level 1. HP: 13/13 MP: 3/3
   425 | D:1      | Gained mutation: You sometimes gain a little power by
                  | taking damage. [demonic ancestry]
   425 | D:1      | Reached XP level 2. HP: 19/19 MP: 1/5
  1005 | D:2      | Noticed Ijyb
  1091 | D:2      | Killed Ijyb
  1092 | D:2      | Reached skill level 5 in Necromancy
  1092 | D:2      | Gained mutation: You have a small tail. [demonic ancestry]
  1092 | D:2      | Reached XP level 3. HP: 12/24 MP: 0/7
  1264 | D:2      | Learned a level 3 spell: Vampiric Draining
  1329 | D:2      | Reached XP level 4. HP: 30/30 MP: 5/8
  1378 | D:2      | Found a faded altar of an unknown god.
  1925 | D:3      | Found a transporter.
  1927 | D:3      | Identified the +5 hand axe of Duty {distort, Int+4}
  1934 | D:3      | Noticed Natasha
  1954 | D:3      | Killed Natasha
  2110 | D:3      | Noticed gelatine's ghost (amateur DsVM)
  2120 | D:3      | Found a transporter.
  2148 | D:3      | Reached XP level 5. HP: 23/35 MP: 2/10
  2264 | D:3      | Reached skill level 6 in Necromancy
  2428 | D:3      | Noticed Natasha
  2436 | D:3      | Killed Natasha
  2828 | D:3      | Found an ancient bone altar of Kikubaaqudgha.
  2842 | D:3      | Reached XP level 6. HP: 36/41 MP: 12/12
  2848 | D:3      | Learned a level 4 spell: Animate Dead
  2854 | D:3      | Became a worshipper of Kikubaaqudgha
  3006 | D:3      | Found a runed translucent gate.
  3006 | D:3      | Found a runed translucent gate.
  3007 | D:3      | Found a runed translucent gate.
  3283 | D:3      | Reached skill level 7 in Necromancy
  3597 | D:4      | Reached skill level 5 in Spellcasting
  3611 | D:4      | Noticed Duvessa
  3611 | D:4      | Noticed Dowan
  3713 | D:4      | Gained mutation: You have a tail ending in a sharp stinger.
                  | [demonic ancestry]
  3713 | D:4      | Reached XP level 7. HP: 36/46 MP: 2/14
  3931 | D:4      | Killed Duvessa
  3952 | D:4      | Your ally Duvessa died
  3953 | D:4      | Killed Dowan
  4100 | D:4      | Found an opulent altar of Gozag.
  4246 | D:4      | Reached skill level 8 in Necromancy
  4547 | D:4      | Identified the +4 whip of Neurosis {speed, Contam rPois
                  | rC+++ Int-5 Stlth+}
  4813 | D:4      | Reached * piety under Kikubaaqudgha
  4813 | D:4      | Received a gift from Kikubaaqudgha
  4816 | D:4      | Learned a level 1 spell: Kiss of Death
  5005 | D:5      | Entered Level 5 of the Dungeon
  5047 | D:5      | Reached XP level 8. HP: 52/52 MP: 12/17
  5428 | D:5      | Found a shimmering altar of Xom.
  5511 | D:5      | Found a blossoming altar of Fedhas.
  5582 | D:5      | Found Cauplaese's General Store.
  5671 | D:5      | Found a shimmering blue altar of Sif Muna.
  6011 | D:5      | Found a hazy altar of Hepliaklqana.
  6054 | D:5      | Identified the amulet "Rahatiaxt" {Faith rElec Regen+}
  6147 | D:5      | Reached skill level 9 in Necromancy
  6317 | D:6      | Noticed Menkaure
  6411 | D:6      | Killed Menkaure
  6687 | D:6      | Noticed Prince Ribbit
  6702 | D:6      | Killed Prince Ribbit
  6784 | D:6      | Reached skill level 10 in Necromancy
  7206 | D:6      | Gained mutation: Spells you cast may paralyse adjacent
                  | enemies. [demonic ancestry]
  7206 | D:6      | Reached XP level 9. HP: 38/55 MP: 12/20
  7487 | D:6      | Found a staircase to the Ecumenical Temple.
  7496 | Temple   | Entered the Ecumenical Temple
  7962 | D:7      | Found a shadowy altar of Dithmenos.
  8663 | D:8      | Reached ** piety under Kikubaaqudgha
  8676 | D:8      | Reached skill level 11 in Necromancy
  8884 | D:8      | Gained mutation: You have an unusually large brain. (Int
                  | +2) [demonic ancestry]
  8884 | D:8      | Reached XP level 10. HP: 46/63 MP: 6/23
  8977 | D:8      | Found a burning altar of Makhleb.
  9265 | D:9      | Reached skill level 12 in Necromancy
  9467 | D:9      | Found a flagged portal.
  9476 | Bailey   | Entered a bailey
  9648 | Bailey   | Reached skill level 10 in Spellcasting
  9660 | Bailey   | Reached *** piety under Kikubaaqudgha
  9660 | Bailey   | Received a gift from Kikubaaqudgha
  9782 | Bailey   | Learned a level 4 spell: Dispel Undead
  9787 | Bailey   | Learned a level 4 spell: Anguish
  9794 | Bailey   | Learned a level 6 spell: Death Channel
  9800 | Bailey   | Learned a level 5 spell: Borgnjor's Vile Clutch
  9865 | Bailey   | Reached skill level 1 in Fighting
  9894 | Bailey   | Noticed a two-headed ogre
  9901 | Bailey   | Killed a two-headed ogre
  9902 | Bailey   | Reached skill level 1 in Evocations
 10222 | D:9      | Noticed Gastronok
 10246 | D:9      | Killed Gastronok
 10543 | D:9      | Found a runed translucent door.
 10546 | D:9      | Noticed DeathPants's ghost (novice DrCj)
 10575 | D:9      | Killed DeathPants's ghost
 10870 | D:3      | Killed gelatine's ghost
 10871 | D:3      | Gained mutation: You have an extremely huge brain. (Int +4)
                  | [demonic ancestry]
 10871 | D:3      | Reached XP level 11. HP: 78/78 MP: 16/25
 11187 | D:10     | Entered Level 10 of the Dungeon
 11421 | D:10     | Reached skill level 5 in Dodging
 11547 | D:10     | Noticed a two-headed ogre
 11555 | D:10     | Killed a two-headed ogre
 11556 | D:10     | Reached skill level 5 in Fighting
 11894 | D:10     | Noticed a two-headed ogre
 11910 | D:10     | Killed a two-headed ogre
 12137 | D:10     | Found a broken altar of Ashenzari.
 12165 | D:10     | Found a bloodstained altar of Trog.
 12313 | D:10     | Found a staircase to the Lair.
 12544 | D:11     | Found Tarchyuh's Antique Weapon Shoppe.
 12544 | D:11     | Found a staircase to the Orcish Mines.
 12675 | D:11     | Noticed Lodul
 12693 | D:11     | Reached **** piety under Kikubaaqudgha
 12700 | D:11     | Killed Lodul
 13015 | D:11     | Noticed a two-headed ogre
 13022 | D:11     | Killed a two-headed ogre
 13099 | D:11     | Noticed a two-headed ogre
 13105 | D:11     | Killed a two-headed ogre
 13776 | Lair:1   | Entered Level 1 of the Lair of Beasts
 13830 | Lair:1   | Reached skill level 5 in Evocations
 14044 | Lair:1   | You fall into a shaft and drop 1 floor!
 14169 | Lair:2   | Reached skill level 1 in Ice Magic
 14374 | Lair:2   | Found a staircase to the Snake Pit.
 14395 | Lair:2   | Reached XP level 12. HP: 92/92 MP: 24/26
 14539 | Lair:2   | Reached ***** piety under Kikubaaqudgha
 14801 | Lair:2   | Found the +8 whip "Snakebite" {venom, curare, rPois}
 15340 | Lair:2   | Noticed a four-headed hydra
 15352 | Lair:2   | Killed a four-headed hydra
 15901 | Lair:1   | Identified the +9 quarterstaff of the Wasp {vorpal, Str+7
                  | Dex-3}
 16114 | Lair:1   | Reached skill level 10 in Fighting
 16397 | Lair:1   | Noticed Amaemon
 16407 | Lair:1   | Killed Amaemon
 16809 | Lair:3   | Reached skill level 10 in Dodging
 16962 | Lair:3   | Reached skill level 5 in Ice Magic
 16962 | Lair:3   | Gained mutation: You sometimes gain power by taking damage.
                  | [demonic ancestry]
 16962 | Lair:3   | Reached XP level 13. HP: 103/103 MP: 21/27
 17112 | Lair:3   | Noticed Fannar
 17129 | Lair:3   | Killed Fannar
 17593 | Lair:3   | Found a staircase to the Shoals.
 18059 | Lair:4   | Noticed Kirke
 18072 | Lair:4   | Reached ****** piety under Kikubaaqudgha
 18089 | Lair:4   | Noticed a sphinx
 18097 | Lair:4   | Killed Kirke
 19329 | Lair:5   | Entered Level 5 of the Lair of Beasts
 20098 | Lair:5   | Reached skill level 10 in Ice Magic
 20223 | Lair:5   | Reached XP level 14. HP: 110/110 MP: 20/29
 20380 | Lair:5   | Learned a level 6 spell: Simulacrum
 20402 | Lair:5   | Found a viscous altar of Jiyva.
 20402 | Lair:5   | Found a staircase to the Slime Pits.
 20561 | Lair:5   | Reached skill level 13 in Necromancy
 20594 | Lair:5   | Identified the +3 morningstar of the Yoke {holy, rF++}
 21568 | D:12     | Reached skill level 14 in Necromancy
 22406 | D:13     | Found a transporter.
 22406 | D:13     | Found a transporter.
 22691 | D:13     | Noticed Snorg
 22704 | D:13     | Killed Snorg
 22705 | D:13     | Reached skill level 15 in Necromancy
 23130 | D:13     | Noticed Sonja
 23170 | D:13     | Killed Sonja
 23356 | D:13     | HP: 1/110 [death knight/+3 halberd (22)]
 23357 | D:13     | Killed by mirror damage

Illustrated notes

Levels and vault maps discovered:
D:1:      dpeg_arrival_water_temple_mockup, layout_basic, eino_curves_03
D:2:      kennysheep_the_goblin_king, layout_rooms,
          shapermc_ecumenical_altar_notcrosses, serial_corexii_hall,
          corexii_hall_statues_s, chequers_hall_statues_y,
          minmay_misc_feat_nine_boxes
D:3:      gammafunk_steamed_eel, layout_basic, kennysheep_vampire_church,
          gammafunk_ghost_icy, portal_sewer_entry_f, serial_park_tiny_pond,
          grunt_decor_arrowhead, chequers_hall_statues_y, uniq_natasha
D:4:      layout_basic, overflow_temple_1_default, tso_altar, uniq_duvessa
D:5:      layout_basic, lemuel_doored_altar, mainiacjoe_overflow_24_doors,
          kennysheep_mini, fedhas_altar_2, serial_shops, nicolae_square_shop
D:6:      layout_basic, lemuel_temple_firewalk_a, dreamdust_mushroom_princess,
          chequers_jeans, grunt_decor_mini_mirrors, uniq_prince_ribbit1,
          uniq_menkaure
D:7:      layout_loops_ring, mainiacjoe_overflow_concentric_impassable
D:8:      layout_rooms, makhleb_grotto_becter, elyvilon_altar_5, minivault_11,
          hangedman_decor_slide_cut
D:9:      layout_loops_ring, hellmonk_ghost_happy_afterlife, enter_bailey_3,
          uniq_gastronok
D:10:     layout_loops_ring, lemuel_coloured_pillars_altar,
          ashenzari_conservatory_becter, grunt_lair_entry_orc_guard_hut,
          nicolae_water_bricks
D:11:     layout_gridville, orc_0_dummy, serial_shops, nicolae_stop_n_shop_2,
          david_defended_altar_orc, uniq_lodul
D:12:     layout_cave_pools
D:13:     layout_long_grid, ximxim_vaults_locker_room,
          hangedman_decor_diamond_cutter, nicolae_diode_stairs, uniq_snorg,
          uniq_sonja
Temple:   zaba_magenta_temple
Lair:1:   layout_regular_city, serial_rivers, chequers_serial_rivers_room_b,
          chequers_serial_rivers_marsh, chequers_serial_rivers_micro_e,
          chequers_serial_rivers_small_b, chequers_serial_rivers_room_a,
          chequers_serial_rivers_room_b, infiniplex_staircase_pool_2,
          uniq_amaemon
Lair:2:   minmay_guarded_unrand_snakebite, layout_cave_pods,
          minmay_snake_entry_six_corridors, beast_lair_carwin_3,
          grunt_megastairs_2
Lair:3:   layout_loops_ring, minmay_shoals_entry_lonely_mermaid, uniq_fannar
Lair:4:   layout_roguey, roderic_carrion_pond, serial_bayou_shore_b,
          serial_bayou_shore_a, grunt_megastairs_3, lemuel_fruit_fields,
          uniq_kirke
Lair:5:   minmay_lair_end_frog_pond, layout_loops_ring, slime_entry_1,
          serial_bayou_shore_b

Skill      XL: |  1  2  3  4  5  6  7  8  9 10 11 12 13 14 |
---------------+-------------------------------------------+-----
Necromancy     | 5 6 7 8 10 11 12 15 | 15.4
Spellcasting   | 3 4 5 6 7 9 10 11 | 11.2
Fighting       | 4 7 10 | 10.0
Dodging        | 4 7 10 | 10.0
Evocations     | 3 5 |  5.0
Ice Magic      | 1 5 10 | 10.8
Stealth        | |  1.7

Action                   |  1- 3 |  4- 6 |  7- 9 | 10-12 | 13-15 || total
-------------------------+-------+-------+-------+-------+-------++-------
Melee: Unarmed           |     7 |       |       |       |       ||     7
       Dagger            |    19 |    15 |       |       |       ||    34
       Tailslap          |     3 |     4 |    23 |    64 |    86 ||   180
       Spear             |       |    67 |    28 |       |       ||    95
       Whip              |       |       |   135 |   288 |   338 ||   761
       Punch             |       |       |     5 |     6 |     5 ||    16
 Cast: Necrotise         |    40 |    56 |    91 |   125 |    83 ||   395
       Vampiric Draining |       |     9 |    39 |    96 |    80 ||   224
       Animate Dead      |       |       |     5 |     9 |     9 ||    23
       Kiss of Death     |       |       |     2 |     1 |     1 ||     4
       Dispel Undead     |       |       |       |     7 |    15 ||    22
       Borgnjor's Vile C |       |       |       |    11 |    27 ||    38
       Anguish           |       |       |       |    21 |    18 ||    39
       Death Channel     |       |       |       |     5 |     9 ||    14
       Simulacrum        |       |       |       |       |     3 ||     3
Evoke: Wand              |       |       |       |     2 |       ||     2
  Use: Scroll            |       |     9 |     1 |     9 |     3 ||    22
       Potion            |       |     1 |       |       |     1 ||     2
 Stab: Sleeping          |       |     2 |     4 |     1 |     1 ||     8
       Paralysed         |       |       |    26 |    62 |    76 ||   164
       Distracted        |       |       |       |     1 |     6 ||     7
Armor: Robe              |    12 |    40 |    37 |     1 |       ||    90
       Steam dragon scal |       |       |       |    69 |   123 ||   192
Dodge: Dodged            |    30 |    69 |    68 |   213 |   335 ||   715

Table legend: (Time is in decaauts)
 A = Elapsed time spent in this place.
 B = Non-inter-level travel time spent in this place.
 C = Inter-level travel time spent in this place.
 D = Time resting spent in this place.
 E = Time spent auto-exploring this place.
 F = Levels seen in this place.
 G = Mean time per level.
                   A        B        C        D        E       F      G
               +--------+--------+--------+--------+--------+-----+--------+
         Total |  23238 |  22047 |   1191 |   3520 |  14493 |  20 | 1161.9 |
       Dungeon |  15127 |  14295 |    832 |   2215 |   9593 |  13 | 1163.6 |
        Temple |     73 |     55 |     18 |      0 |     50 |   1 |   73.0 |
          Lair |   7349 |   7008 |    341 |    852 |   4735 |   5 | 1469.8 |
        Bailey |    688 |    688 |      0 |    453 |    114 |   1 |  688.0 |
               +--------+--------+--------+--------+--------+-----+--------+

Top non-repeatable levels by time:
  Lair:4: 1875 daAuts
     D:3: 1840 daAuts
  Lair:2: 1822 daAuts
     D:6: 1623 daAuts
     D:4: 1511 daAuts
    D:11: 1332 daAuts
  Lair:3: 1229 daAuts
  Lair:5: 1223 daAuts
     D:5: 1215 daAuts
    D:12: 1202 daAuts
  Lair:1: 1198 daAuts
    D:10: 1182 daAuts
     D:9: 1115 daAuts
     D:1: 937 daAuts
     D:2: 908 daAuts
